 Dungeon Crawl Stone Soup version 0.31-a0-986-g5e6e4ef867 (webtiles) character file.

Game seed: 10123420308205645823

1449 monsoonserge the Grappler (level 8, -14/51 HPs)
             Began as an Octopode Shapeshifter on Nov 18, 2023.
             Was an Initiate of Gozag.
             Demolished by an ogre
             ... wielding a +0 giant spiked club
              (28 damage)
             ... on level 6 of the Dungeon.
             The game lasted 00:13:42 (5020 turns).

monsoonserge the Grappler (Octopode Shapeshifter)   Turns: 5020, Time: 00:13:43

Health: -14/51     AC:  1    Str: 21    XL:     8   Next: 75%
Magic:  9/9        EV: 14    Int: 12    God:    Gozag
Gold:   321        SH:  0    Dex: 12    Spells: 7/7 levels left

rFire   . .          .
                       - Unarmed
rCold   + . .        (no shield)
rNeg    + . .        (helmet currently unavailable)
rPois   .            e - amulet of the acrobat
rElec   .            j - +6 ring of strength
rCorr   .            g - ring of positive energy
SInv    +            y - ring of see invisible
Will    +....        H - ring of willpower
Stlth   +++          I - ring of protection from cold
HPRegen 0.28/turn    (no ring)
MPRegen 0.11/turn    (no ring)
                     (no ring)

%: acrobat
@: beast-form
A: beast (slay +3), almost no armour, amphibious, 8 rings, camouflage 1,
gelatinous body 1, (nimble swimmer 1), tentacles
a: Begin Untransformation, Renounce Religion, Potion Petition, Call Merchant,
Bribe Branch


You were on level 6 of the Dungeon.
You worshipped Gozag.
Gozag was aware of your devotion.
You were a hulking beast.
You visited 2 branches of the dungeon, and saw 7 of its levels.
You also visited: Sewer.

You collected 404 gold pieces.
You paid 83 gold pieces to Gozag.

Inventory:

Missiles
 u - 18 poisoned darts (quivered)
 F - 5 curare-tipped darts
Jewellery
 d - a ring of fire
 e - an amulet of the acrobat (around mantle)
 g - a ring of positive energy (right tentacle)
 j - a +6 ring of strength (left tentacle)
 y - a ring of see invisible (on tentacle)
 H - a ring of willpower (on tentacle)
 I - a ring of protection from cold (on tentacle)
Talismans
 b - a beast talisman
 c - a flux talisman
 z - a maw talisman
Wands
 E - a wand of iceblast (2)
 G - a wand of light (5)
Scrolls
 f - 3 scrolls of poison
 k - a scroll of amnesia {unknown}
 o - a scroll of fear {unknown}
 p - 2 scrolls of immolation {unknown}
 q - 4 scrolls of enchant weapon {unknown}
 w - a scroll of fog {unknown}
 x - 3 scrolls of teleportation
 A - 2 scrolls of revelation {unknown}
 C - a scroll of blinking {unknown}
Potions
 a - 3 potions of lignification
 h - 2 potions of attraction {unknown}
 i - 5 potions of curing
 l - 2 potions of enlightenment {unknown}
 m - 3 potions of might
 n - 4 potions of heal wounds {unknown}
 r - 2 potions of brilliance {unknown}
 s - a potion of mutation {unknown}
 t - 2 potions of ambrosia {unknown}
 v - 3 potions of invisibility
 B - 3 potions of magic
 D - a potion of haste {unknown}


   Skills:
 + Level 2.4 Fighting
 + Level 3.8 Dodging
 - Level 1.0 Stealth
 + Level 8.0 Unarmed Combat
 - Level 1.9 Invocations
 - Level 1.0 Evocations
 * Level 5.9 Shapeshifting


You had 7 spell levels left.
You didn't know any spells.
Your spell library contained the following spells:

 Spells                   Type           Power      Damage    Failure   Level
 Magic Dart               Conj           0%         1d3       32%         1
 Call Imp                 Summ           0%         N/A       45%         2
 Mephitic Cloud           Conj/Pois/Air  0%         N/A       69%         3
 Tukima's Dance           Hex            0%         N/A       69%         3
 Volatile Blastmotes      Fire/Tloc      0%         2d10      69%         3
 Dimensional Bullseye     Hex/Tloc       0%         N/A       97%         4
 Fulminant Prism          Conj/Hex       0%         3d5       97%         4
 Iskenderun's Mystic Bla  Conj/Tloc      0%         2d3       97%         4


Dungeon Overview and Level Annotations

Branches:
Dungeon (6/15)             Temple (1/1) D:5           Sewer (visited)

Altars:
Ashenzari
Cheibriados
Dithmenos
Elyvilon
Fedhas
Gozag
Hepliaklqana
Makhleb
Okawaru
Qazlal
Sif Muna
Trog
Uskayaw
Wu Jian
Xom
Yredelemnul
Zin
The Shining One

Annotations:
D:6 Blork the orc


Innate Abilities, Weirdness & Mutations

You are a hulking beast.
Your limbs bulge with bestial killing power. (Slay +3)
You cannot wear most types of armour.
You are amphibious.
You can wear up to eight rings at the same time.
Your skin changes colour to match your surroundings (Stealth+).
Your rubbery body absorbs attacks. (AC +1, EV +1)
((You are camouflaged when in or above water. (Stealth+)))
You have tentacles for arms and can constrict up to eight enemies at once.


Message History

You constrict the sleepcap.
Blork the orc is no longer distracted by gold.
You bludgeon the sleepcap!
You destroy the sleepcap!
Blork the orc begins to cast a cantrip, but forgets the words!
Blork the orc attacks as he pursues you!
Blork the orc completely misses you. Blork the orc casts a spell at you.
The magic dart hits you.
Blork the orc looks satisfied for a moment.
Blork the orc casts a spell at you. The puff of frost misses you.
Blork the orc points at you and mumbles some strange words.
The puff of flame hits you!
* * * LOW HITPOINT WARNING * * *
Blork the orc frowns.
Blork the orc miscasts a cantrip.
There is a stone staircase leading up here.
Blork the orc barely misses you.
You climb upwards.
There is a stone staircase leading down here.
There is an open door here.
There is a stone staircase leading down here.
There is a stone staircase leading down here.
You start resting.
HP restored.
You climb downwards.
Level annotation: Blork the orc The ogre hits you with a +0 giant spiked club!!!
Ouch! That really hurt!
* * * LOW HITPOINT WARNING * * *
There is a stone staircase leading up, spattered with blood here.
Okay, then.
You closely miss the ogre. You bludgeon the ogre! You squeeze the ogre.
The ogre is severely wounded.
The ogre hits you with a +0 giant spiked club!!
Ouch! That really hurt!
You die...
Your body crumbles into a pile of gold.

#########
........#
.......h#
.......O#
........#
###.##...
#. ..## #
###


You could see an ogre.

Vanquished Creatures
  Grinder (D:5)
  A water moccasin (D:5)
  2 ogres
  An ice beast (D:6)
  2 kobold brigands (Sewer)
  2 scorpions
  2 howler monkeys
  A gnoll bouda (D:4)
  A jelly (D:6)
  A hound (D:5)
  2 orc priests
  2 sleepcaps
  An iguana (D:5)
  2 orc wizards
  3 gnolls
  14 adders
  7 worms
  2 dart slugs
  7 orcs
  8 ball pythons
  7 endoplasms
  6 giant cockroaches
  11 goblins
  8 hobgoblins
  3 quokkas
  7 bats
  5 frilled lizards
  13 kobolds
  11 rats
133 creatures vanquished.

Notes
Turn   | Place    | Note
-------+----------+-------------------------------------------
     0 | D:1      | monsoonserge the Octopode Shapeshifter began the quest for
                  | the Orb.
     0 | D:1      | Reached XP level 1. HP: 13/13 MP: 1/1
   109 | D:1      | Reached XP level 2. HP: 18/18 MP: 2/2
   622 | D:1      | Found a faded altar of an unknown god.
   839 | D:1      | Reached XP level 3. HP: 23/23 MP: 3/3
  1184 | D:2      | Reached skill level 1 in Stealth
  1406 | D:2      | Reached XP level 4. HP: 22/28 MP: 4/4
  1749 | D:3      | Reached skill level 4 in Unarmed Combat
  1819 | D:3      | Found a white marble altar of Elyvilon.
  1819 | D:3      | Found a glowing golden altar of the Shining One.
  1904 | D:3      | Noticed a scorpion
  1917 | D:3      | Killed a scorpion
  1918 | D:3      | Reached XP level 5. HP: 23/33 MP: 5/5
  1943 | D:3      | Became a worshipper of Elyvilon the Healer
  2404 | D:4      | Identified the of Jario
  2429 | D:4      | Reached skill level 5 in Unarmed Combat
  2429 | D:4      | Reached XP level 6. HP: 4/38 MP: 6/6
  2439 | D:4      | Reached * piety under Elyvilon
  2466 | D:4      | Found a snail-covered altar of Cheibriados.
  2479 | D:4      | Found a shimmering blue altar of Sif Muna.
  2609 | D:4      | Reached skill level 1 in Invocations
  2631 | D:4      | Found a glowing drain.
  2635 | Sewer    | Entered a sewer
  2877 | Sewer    | Reached XP level 7. HP: 31/43 MP: 7/7
  3049 | D:4      | Reached skill level 6 in Unarmed Combat
  3083 | D:4      | Reached ** piety under Elyvilon
  3479 | D:4      | Found a bloodstained altar of Trog.
  3591 | D:5      | Entered Level 5 of the Dungeon
  3808 | D:5      | Reached skill level 5 in Shapeshifting
  3919 | D:5      | Found a broken altar of Ashenzari.
  3938 | D:5      | Reached skill level 1 in Evocations
  3938 | D:5      | Reached XP level 8. HP: 27/50 MP: 9/9
  4106 | D:5      | Found a basalt altar of Yredelemnul.
  4169 | D:5      | Found a staircase to the Ecumenical Temple.
  4175 | Temple   | Entered the Ecumenical Temple
  4204 | Temple   | Fell from the grace of Elyvilon
  4204 | Temple   | Became a worshipper of Gozag Ym Sagoz the Greedy
  4488 | D:5      | Noticed Grinder
  4496 | D:5      | Killed Grinder
  4497 | D:5      | Reached skill level 7 in Unarmed Combat
  4851 | D:6      | Noticed Blork the orc
  4855 | D:6      | Reached skill level 8 in Unarmed Combat
  5020 | D:6      | Demolished by an ogre

Illustrated notes

Levels and vault maps discovered:
D:1:      heliophobic_arrival_enchanted_forest, layout_loops_corners,
          shapermc_ecumenical_altar_hornbeckon, corner_web_ring
D:2:      layout_rooms
D:3:      kennysheep_big_flooded_room, layout_loops_ring, jmf_multi_god_temple
D:4:      nicolae_cairo_tiling, layout_rooms, kennysheep_mini_moat,
          kennysheep_little_box, mainiacjoe_overflow_concentric_impassable,
          mainiacjoe_sewer_entry_somewhere_in_here_2
D:5:      layout_gridville, nicolae_ashenzari_skybound, general_overflow_altar,
          minmay_temple_entry_enclosed_plants, uniq_grinder
D:6:      layout_rooms, uniq_blork_the_orc, uniq_menkaure
Temple:   grunt_temple_mini_profane

Skill      XL: |  1  2  3  4  5  6  7  8 |
---------------+-------------------------+-----
Stealth        | 1 |  1.0
Unarmed Combat | 4 5 6 8 |  8.0
Shapeshifting  | 4 5 |  5.9
Invocations    | 1 |  1.9
Dodging        | 3 |  3.8
Evocations     | 1 |  1.0
Fighting       | 2 |  2.4

Action                     |  1- 3 |  4- 6 |  7- 9 || total
---------------------------+-------+-------+-------++-------
  Melee: Unarmed           |    59 |   110 |    73 ||   242
         Constrict         |    13 |    30 |    20 ||    63
         Tentacles         |     7 |    18 |    18 ||    43
         Punch             |     1 |     8 |     3 ||    12
    Use: Potion            |       |     1 |       ||     1
         Scroll            |       |       |     5 ||     5
   Stab: Sleeping          |     8 |     7 |     4 ||    19
 Armour: Skin              |    17 |    30 |    37 ||    84
  Dodge: Dodged            |    30 |    64 |    54 ||   148

Table legend: (Time is in decaauts)
 A = Elapsed time spent in this place.
 B = Non-inter-level travel time spent in this place.
 C = Inter-level travel time spent in this place.
 D = Time resting spent in this place.
 E = Time spent auto-exploring this place.
 F = Levels seen in this place.
 G = Mean time per level.
                   A        B        C        D        E       F      G
               +--------+--------+--------+--------+--------+-----+--------+
         Total |   4995 |   4780 |    215 |    458 |   2697 |   8 |  624.4 |
       Dungeon |   4633 |   4470 |    163 |    458 |   2631 |   6 |  772.2 |
        Temple |     54 |      2 |     52 |      0 |      0 |   1 |   54.0 |
         Sewer |    307 |    307 |      0 |      0 |     66 |   1 |  307.0 |
               +--------+--------+--------+--------+--------+-----+--------+

Top non-repeatable levels by time:
     D:1: 1119 daAuts
     D:5: 1112 daAuts
     D:3: 882 daAuts
     D:4: 721 daAuts
     D:2: 543 daAuts
   Sewer: 307 daAuts
     D:6: 254 daAuts
  Temple: 54 daAuts
